[Event "Team 45 45 League T34"]
[Site "Internet Chess Club"]
[Date "2007.07.24"]
[Round "1"]
[White "k009ris"]
[Black "f5"]
[Result "1-0"]
[WhiteElo "2293"]
[BlackElo "2251"]
[Opening "English: Anglo-Dutch defense"]
[ECO "A10"]
[Time "22:00:09"]
[TimeControl "2700+45"]

1. c4 f5 2. Nc3 Nf6 3. g3 g6 4. Bg2 Bg7 5. d3 e5 6. e4 d6 7. Nge2 Nc6 8. O-O O-O
9. Nd5 Be6 10. Bg5 Qd7 11. Rc1 Nh5 12. exf5 Bxf5 13. Qd2 Rf7 14. b4 Raf8 15. b5
Nd8 16. Bxd8 Rxd8 17. Ne3 Bh3 18. Bxb7 Bxf1 19. Rxf1 Kh8 20. Bd5 Rff8 21. Bc6
Qc8 22. Nd5 Nf6 23. Nxf6 Bxf6 24. Nc3 Kg7 25. Ne4 h5 26. h4 Be7 27. Qc3 Rf5 28.
a4 Rdf8 29. d4 Bf6 30. Nxf6 R8xf6 31. Be4 exd4 32. Bxf5 gxf5 33. Qxd4 f4 34. Re1
Qh3 35. Re7+ Kg6 36. Qe4+ Qf5 37. Qxf5+ Rxf5 38. Rxc7 {Black resigns} 1-0

[Event "Team 45 45 League T34"]
[Site "Internet Chess Club"]
[Date "2007.07.21"]
[Round "1"]
[White "martineden"]
[Black "jorobo"]
[Result "1-0"]
[WhiteElo "1997"]
[BlackElo "2133"]
[Opening "Queen's gambit declined"]
[ECO "D30"]
[Time "10:35:28"]
[TimeControl "2700+45"]

1. d4 d5 2. c4 e6 3. Nf3 c6 4. Nc3 f5 5. Bf4 Nf6 6. e3 Be7 7. h3 O-O 8. Be2 Ne4
9. c5 b6 10. cxb6 axb6 11. Qb3 Ba6 12. O-O Bxe2 13. Nxe2 g5 14. Bxb8 Qxb8 15.
Rfc1 c5 16. Nc3 c4 17. Qd1 b5 18. Ne5 Qe8 19. Nxe4 fxe4 20. Qg4 Bf6 21. Qg3 Bxe5
22. Qxe5 Rf5 23. Qd6 Rc8 24. Qb4 Rb8 25. Qd6 Rc8 26. b3 Rc6 27. Qb4 Rc7 28. a4
bxa4 29. Rxa4 Qf7 30. bxc4 Rxf2 31. Qe1 Rb2 32. c5 Rcb7 33. Qg3 Re2 34. Rf1 Qg7
35. Ra8+ Qf8 36. Raxf8+ {Black resigns} 1-0

[Event "Team 45 45 League T34"]
[Site "Internet Chess Club"]
[Date "2007.07.23"]
[Round "1"]
[White "KingDestroyer"]
[Black "chiiwen"]
[Result "1-0"]
[WhiteElo "2240"]
[BlackElo "1955"]
[Opening "English: symmetrical, main line with d4"]
[ECO "A39"]
[Time "16:59:21"]
[TimeControl "2700+45"]

1. Nf3 c5 2. c4 Nc6 3. g3 g6 4. Bg2 Bg7 5. O-O Nf6 6. Nc3 O-O 7. d4 cxd4 8. Nxd4
Nxd4 9. Qxd4 d6 10. Qd3 Rb8 11. Be3 b6 12. Nb5 a6 13. Nd4 Bb7 14. Nc6 Bxc6 15.
Bxc6 Ng4 16. Bd4 Ne5 17. Bxe5 Bxe5 18. Rab1 Qc7 19. Bg2 Bg7 20. Rfc1 a5 21. a3
Kh8 22. b4 axb4 23. axb4 f5 24. Rc2 e5 25. Rd1 Rfd8 26. h4 e4 27. Qd5 b5 28. h5
bxc4 29. Rxc4 Qb7 30. Qd2 d5 31. Rc5 d4 32. hxg6 hxg6 33. b5 Qe7 34. Rc6 Rd6 35.
Qb4 Re6 36. Qxe7 Rxe7 37. b6 Kh7 38. Rb1 Be5 39. g4 e3 40. gxf5 gxf5 41. Bh3
Rg7+ 42. Kf1 exf2 43. Kxf2 Kg8 44. Rb5 Bg3+ 45. Kf3 Re8 46. Rb3 Be5 47. Kf2 Bh2
48. Bg2 Bf4 49. b7 Rge7 50. Bf3 Be3+ 51. Kf1 Bf4 52. Rc8 Bb8 53. Bc6 Rf8 54. Rh3
Be5 55. Rxf8+ Kxf8 56. Rh8+ Kg7 57. b8=Q Bxb8 58. Rxb8 Rc7 59. Rb7 Rxb7 60. Bxb7
d3 61. exd3 Kf6 62. Ke2 Ke5 63. Ke3 Kd6 64. Kf4 Ke6 65. Bc8+ Kd5 66. Bxf5 Kd6
67. Ke4 Ke7 68. Ke5 Ke8 69. Kd6 Kd8 70. d4 Ke8 71. Kc7 {Black resigns} 1-0

[Event "Team 45 45 League T34"]
[Site "Internet Chess Club"]
[Date "2007.07.23"]
[Round "1"]
[White "Iapep"]
[Black "OOOoooOOO"]
[Result "0-1"]
[WhiteElo "1744"]
[BlackElo "2104"]
[Opening "Pirc: Austrian attack, dragon formation"]
[ECO "B09"]
[Time "21:01:57"]
[TimeControl "2700+45"]

1. e4 d6 2. d4 Nf6 3. Nc3 g6 4. f4 Bg7 5. Nf3 c5 6. Bb5+ Bd7 7. e5 Ng4 8. e6
fxe6 9. Ng5 Bxb5 10. Nxe6 Bxd4 11. Nxd4 cxd4 12. Qd3 Bxd3 {White resigns} 0-1

[Event "Team 45 45 League T34"]
[Site "Internet Chess Club"]
[Date "2007.07.23"]
[Round "1"]
[White "Budzo"]
[Black "touchthis"]
[Result "1-0"]
[WhiteElo "1820"]
[BlackElo "1771"]
[Opening "QGD Slav: 4.Nc3"]
[ECO "D15"]
[Time "18:59:41"]
[TimeControl "2700+45"]

1. Nf3 d5 2. d4 Nf6 3. c4 c6 4. Nc3 Bf5 5. e3 e6 6. Nh4 Bg6 7. Nxg6 hxg6 8. g3
Nbd7 9. Qd3 Bd6 10. Bg2 O-O 11. O-O Rc8 12. cxd5 cxd5 13. Bd2 a6 14. Rfc1 Nb6
15. e4 dxe4 16. Nxe4 Nxe4 17. Bxe4 Qd7 18. Qb3 Nd5 19. Bxd5 Rxc1+ 20. Rxc1 exd5
21. Qxd5 Rd8 22. Ba5 Re8 23. Rc7 Re1+ 24. Kg2 Qe6 25. Qxe6 Rxe6 26. Rxb7 Re4 27.
Bc3 a5 28. Ra7 Bb4 29. a3 Bxc3 30. bxc3 Re6 31. Rxa5 Rc6 32. Rc5 Ra6 33. d5 Rxa3
34. d6 Ra8 35. d7 Rd8 36. Rc8 {Black resigns} 1-0

[Event "Team 45 45 League T34"]
[Site "Internet Chess Club"]
[Date "2007.07.22"]
[Round "1"]
[White "sean98"]
[Black "jks2000"]
[Result "0-1"]
[WhiteElo "1550"]
[BlackElo "1671"]
[Opening "French: Winawer, fingerslip variation"]
[ECO "C15"]
[Time "16:29:35"]
[TimeControl "2700+45"]

1. e4 e6 2. d4 d5 3. Nc3 Bb4 4. Bd2 Bxc3 5. Bxc3 dxe4 6. d5 Qg5 7. Nh3 Qh6 8. d6
cxd6 9. Qxd6 Nc6 10. Bd2 Qf6 11. O-O-O e5 12. Qc5 Nge7 13. Bg5 Qe6 14. Bc4 Qg4
15. Rhg1 f6 16. Be3 Be6 17. Bxe6 Qxe6 18. b3 O-O 19. Rd2 Rfd8 20. g4 Nd5 21. Rg3
Rac8 22. Qa3 Nxe3 23. fxe3 Rxd2 24. Kxd2 Qd5+ 25. Kc1 Rd8 26. Kb1 Qd2 27. Qc1
Qxh2 28. Qg1 Qe2 29. Nf2 Nb4 30. Qc1 Qxf2 31. Rg1 Rd2 32. Rd1 Rxd1 33. Qxd1
Qxc2+ 34. Qxc2 Nxc2 35. Kxc2 Kf7 36. Kc3 Ke6 37. Kc4 Kd6 38. Kc3 Kc5 39. a4 g6
40. b4+ Kd5 41. b5 h5 42. gxh5 gxh5 43. Kb4 h4 44. Ka5 h3 45. Kb4 h2 46. a5
{White resigns} 0-1

[Event "Team 45 45 League T34"]
[Site "Internet Chess Club"]
[Date "2007.07.21"]
[Round "1"]
[White "Mutaant"]
[Black "kingphisch"]
[Result "1-0"]
[WhiteElo "1470"]
[BlackElo "1542"]
[Opening "Caro-Kann defense"]
[ECO "B11"]
[Time "13:09:38"]
[TimeControl "2700+45"]

1. e4 c6 2. Nc3 d5 3. h3 d4 4. Nce2 e5 5. Nf3 Bd6 6. Ng3 Nf6 7. Bc4 O-O 8. d3 b5
9. Bb3 a5 10. a3 c5 11. O-O Nc6 12. Bg5 Be6 13. Bxe6 fxe6 14. Nh2 h6 15. Bd2 c4
16. Ng4 Nxg4 17. Qxg4 Qe7 18. Bxh6 cxd3 19. Bxg7 Qxg7 20. Qxe6+ Kh8 21. Qxd6 Rf6
22. Qc5 Qb7 23. cxd3 Ne7 24. Qxe5 Rf8 25. Rac1 Nc6 26. Qh5+ Kg8 27. Rc5 R8f7 28.
Nf5 Rh7 29. Qe8+ Rf8 30. Qe6+ Kh8 31. Qxc6 Qxc6 32. Rxc6 Rb7 33. Rfc1 Rfb8 34.
Rc7 Rb6 35. R1c6 b4 36. Rxb6 Rxb6 37. axb4 Rxb4 38. Rc2 Rb3 39. Rd2 Rb4 40. Nd6
Kg7 41. f4 Kf6 42. g4 Rb8 43. g5+ Kg6 44. h4 Rh8 45. Rh2 Rd8 46. h5+ Kg7 47. e5
Rf8 48. f5 {Black resigns} 1-0

[Event "Team 45 45 League T34"]
[Site "Internet Chess Club"]
[Date "2007.07.21"]
[Round "1"]
[White "Dagambiter"]
[Black "Kasparklunk"]
[Result "1/2-1/2"]
[WhiteElo "1465"]
[BlackElo "1465"]
[Opening "Blackmar gambit"]
[ECO "B01"]
[Time "18:53:10"]
[TimeControl "2700+45"]

1. e4 d5 2. d4 dxe4 3. Nc3 Nf6 4. f3 exf3 5. Nxf3 Bg4 6. h3 Bh5 7. g4 Bg6 8. Bc4
e6 9. Be3 Ne4 10. Nxe4 Bxe4 11. Qe2 Bb4+ 12. c3 Be7 13. O-O-O a6 14. Rhf1 Nd7
15. Bf4 Bxf3 16. Qxf3 c6 17. Bc7 Qxc7 18. Qxf7+ Kd8 19. Qxe6 Re8 20. Kb1 Qd6 21.
d5 Qxe6 22. dxe6 Kc7 23. Rxd7+ Kb6 24. Rf7 Bf6 25. Rxb7+ Kc5 26. Bb3 Rad8 27.
Rbd7 Ra8 28. a4 Rab8 29. Ba2 Bxc3 30. b3 Rxe6 31. b4+ Rxb4+ 32. Kc2 Rb2+ 33.
Kxc3 Rxa2 34. Kb3 Rh2 35. Rd3 Rg6 36. a5 Kb5 37. Rf5+ c5 38. Rc3 Kxa5 39. Rfxc5+
Kb6 40. Kb4 Rb2+ 41. Ka3 Rb5 42. R5c4 Ra5+ 43. Kb3 Rb5+ 44. Ka3 Ra5+ 45. Kb3
Rb5+ 46. Ka3 Ra5+ {Game drawn by repetition} 1/2-1/2

[Event "Team 45 45 League T34"]
[Site "Internet Chess Club"]
[Date "2007.07.22"]
[Round "1"]
[White "BartL"]
[Black "Duguesclin"]
[Result "1-0"]
[WhiteElo "1710"]
[BlackElo "1728"]
[Opening "Nimzo-Indian: Fischer variation, 5.Ne2"]
[ECO "E44"]
[Time "13:59:36"]
[TimeControl "2700+45"]

1. d4 Nf6 2. c4 e6 3. Nc3 Bb4 4. e3 b6 5. Ne2 Bb7 6. a3 Be7 7. Ng3 O-O 8. f3 d5
9. cxd5 exd5 10. Be2 c5 11. Nf5 Re8 12. O-O Nc6 13. Nxe7+ Nxe7 14. Bd3 c4 15.
Bc2 a6 16. b3 b5 17. bxc4 bxc4 18. a4 Nc6 19. Ba3 Rxe3 20. Qd2 Qe8 21. Kf2 Re6
22. Bf5 Nxd4 23. Qxd4 Re5 24. Bh3 Rh5 25. Rfe1 Qc6 26. Rab1 h6 27. Rb6 Rh4 28.
g4 Qd7 29. Kg3 g5 30. Re7 Nh5+ 31. Kf2 Qf5 32. gxf5 Rxd4 33. Rbxb7 Nf4 34. Rxf7
Nxh3+ 35. Kg3 {Black resigns} 1-0

[Event "Team 45 45 League T34"]
[Site "Internet Chess Club"]
[Date "2007.07.22"]
[Round "1"]
[White "rooney95"]
[Black "HKNIGHT"]
[Result "0-1"]
[WhiteElo "1447"]
[BlackElo "1673"]
[Opening "QGD: semi-Slav"]
[ECO "D10"]
[Time "13:57:29"]
[TimeControl "2700+45"]

1. d4 c6 2. c4 d5 3. Nc3 e6 4. a3 Be7 5. Nf3 h6 6. Bf4 Nd7 7. e3 Ngf6 8. cxd5
exd5 9. Bd3 O-O 10. O-O Nh5 11. Ne2 f5 12. Ne5 Qe8 13. Qc2 Nxe5 14. Bxe5 Qg6 15.
Ng3 Bd7 16. Qb3 b5 17. e4 Nxg3 18. fxg3 fxe4 19. Be2 Bd6 20. Bxd6 Qxd6 21. Qe3
Rxf1+ 22. Rxf1 Rf8 23. Rf4 g5 24. Rxf8+ Qxf8 25. Qf2 Qxf2+ 26. Kxf2 Kg7 27. Ke3
Kg6 28. h4 h5 29. b3 Be8 30. b4 Kf5 31. Bd1 Kg6 32. Be2 Bd7 33. Kf2 Bg4 34. Bxg4
hxg4 35. Ke3 Kh5 36. hxg5 Kxg5 37. Kf2 Kf5 38. Ke3 a6 39. Kf2 Ke6 40. Ke3 Kf5
41. Kf2 Ke6 42. Ke3 Kf7 43. Kf4 Kf6 44. Kxg4 Kg6 45. Kf4 Kf6 46. g4 Kg6 47. g3
Kf6 48. g5+ Kf7 49. Ke3 Kg7 50. Kf4 Kg6 51. g4 Kf7 52. Ke3 Kg7 53. Kf4 Kg6 54.
Kg3 Kxg5 55. Kf2 Kxg4 56. Ke3 Kg3 57. Ke2 Kf4 58. Kf2 e3+ 59. Ke2 Ke4 {White
resigns} 0-1

[Event "Team 45 45 League T34"]
[Site "Internet Chess Club"]
[Date "2007.07.22"]
[Round "1"]
[White "Queen"]
[Black "upknights"]
[Result "1-0"]
[WhiteElo "1784"]
[BlackElo "1429"]
[Opening "Robatsch (modern) defense"]
[ECO "B06"]
[Time "10:15:37"]
[TimeControl "2700+45"]

1. e4 g6 2. d4 d6 3. Nd2 Bg7 4. Ndf3 Bg4 5. h3 Bxf3 6. Nxf3 Nf6 7. Bd3 O-O 8.
O-O Nc6 9. c3 Nd7 10. d5 Nce5 11. Nxe5 Nxe5 12. Be2 Rc8 13. f4 Nd7 14. g4 c6 15.
h4 Qb6+ 16. Kh1 cxd5 17. Qxd5 Nf6 18. Qd3 Qc6 19. Bf3 e6 20. g5 Nh5 21. Bxh5
gxh5 22. Be3 Rfd8 23. Kg1 b6 24. f5 exf5 25. Rxf5 Be5 26. Raf1 Rc7 27. Rxe5 Rcd7
28. Rd5 Re8 29. Bf4 Qa4 30. e5 Qxa2 31. Rxd6 Rde7 32. Qe2 Re6 33. Qxh5 Rxd6 34.
exd6 Qc4 35. d7 Rd8 36. Bc7 Rxd7 37. Be5 Qc5+ 38. Bd4 Qd5 39. Qh6 f6 40. Qxf6
Rf7 41. Qh8# {Black checkmated} 1-0

[Event "Team 45 45 League T34"]
[Site "Internet Chess Club"]
[Date "2007.07.22"]
[Round "1"]
[White "Chessadelic"]
[Black "scottrugby"]
[Result "1-0"]
[WhiteElo "1618"]
[BlackElo "1447"]
[Opening "Bird's opening"]
[ECO "A02"]
[Time "10:53:32"]
[TimeControl "2700+45"]

1. f4 g6 2. Nf3 d5 3. e3 Bg7 4. d3 Nc6 5. Be2 b6 6. O-O Bb7 7. c3 Nf6 8. Bd2 e6
9. Qe1 Ne7 10. Ne5 Nc6 11. Bf3 Nxe5 12. fxe5 Nd7 13. d4 c5 14. e4 dxe4 15. Bxe4
Bxe4 16. Qxe4 O-O 17. Be3 Qc7 18. Nd2 b5 19. Nf3 c4 20. Ng5 f6 21. Nxe6 Qc8 22.
Nxf8 Kxf8 23. exf6 Nxf6 24. Bg5 Kf7 25. Qd5+ Ke7 26. Rae1+ Kf8 27. Bxf6 Rb8 28.
Bd8+ Bf6 29. Rxf6+ Kg7 30. Rf7+ Kh6 {Black resigns} 1-0

[Event "Team 45 45 League T34"]
[Site "Internet Chess Club"]
[Date "2007.07.20"]
[Round "1"]
[White "vollmerj"]
[Black "lmadueno"]
[Result "1-0"]
[WhiteElo "1666"]
[BlackElo "1644"]
[Opening "Sicilian: dragon variation"]
[ECO "B73"]
[Time "20:06:28"]
[TimeControl "2700+45"]

1. e4 c5 2. Nf3 d6 3. d4 cxd4 4. Nxd4 Nf6 5. Nc3 g6 6. Be2 Bg7 7. O-O O-O 8. Be3
Nc6 9. f4 e5 10. Nxc6 bxc6 11. fxe5 dxe5 12. Qxd8 Rxd8 13. Rad1 Be6 14. Rxd8+
Rxd8 15. Bg5 Rb8 16. Bxf6 Bxf6 17. Rxf6 Rxb2 18. Bd3 Kg7 19. Rf1 c5 20. Rb1
Rxb1+ 21. Nxb1 Bxa2 22. Na3 h5 23. Kf2 g5 24. Bc4 Bxc4 25. Nxc4 f6 26. Ke3 Kg6
27. h3 g4 28. h4 a6 29. g3 Kf7 30. Kd3 Ke6 31. Kc3 Kd7 32. Kb3 Kc6 33. Ka4 Kb7
34. Ka5 Ka7 35. Nd6 c4 36. Nxc4 Kb7 37. Nd6+ Kc6 38. Ne8 Kc5 39. Nxf6 Kc4 40.
Kxa6 Kd4 41. Kb5 Kc3 42. Kc5 Kxc2 43. Kd5 Kc3 44. Kxe5 Kc4 45. Nxh5 Kc5 46. Nf6
Kc6 47. Nxg4 Kd7 48. Kf6 {Black resigns} 1-0

[Event "Team 45 45 League T34"]
[Site "Internet Chess Club"]
[Date "2007.07.21"]
[Round "1"]
[White "AntonioMendonca"]
[Black "GadsHill"]
[Result "1-0"]
[WhiteElo "1633"]
[BlackElo "1627"]
[Opening "Catalan: closed, 5.Nf3"]
[ECO "E06"]
[Time "18:03:20"]
[TimeControl "2700+45"]

1. d4 d5 2. c4 e6 3. Nf3 Nf6 4. g3 Be7 5. Bg2 O-O 6. O-O dxc4 7. Qa4 a6 8. Qxc4
b5 9. Qc2 Bb7 10. Nc3 Nbd7 11. Bf4 c5 12. dxc5 Nxc5 13. Rfd1 Qe8 14. a3 Qc6 15.
Rac1 Rac8 16. Qb1 Qe8 17. b4 Ncd7 18. e4 Nb6 19. Ne5 Nfd7 20. Nxd7 Nxd7 21. a4
Nb6 22. axb5 axb5 23. Bf1 Nc4 24. Nxb5 Qxb5 25. Rd4 Ba6 26. Rdxc4 Qa4 27. Rxc8
Rxc8 28. Bxa6 Rxc1+ 29. Bxc1 Qxa6 30. b5 Qb7 31. Be3 f6 32. f4 Kf7 33. Kf2 Bd8
34. h4 Ba5 35. b6 Ke7 36. Bc5+ Kf7 37. Qb5 Bc3 38. Qa4 Bb2 39. Qa7 {Black
resigns} 1-0

[Event "Team 45 45 League T34"]
[Site "Internet Chess Club"]
[Date "2007.07.22"]
[Round "1"]
[White "Cantemir"]
[Black "stakastra"]
[Result "0-1"]
[WhiteElo "1463"]
[BlackElo "1590"]
[Opening "Réti opening"]
[ECO "A04"]
[Time "07:04:20"]
[TimeControl "2700+45"]

1. Nf3 Nc6 2. g3 d6 3. Bg2 e5 4. d3 Nf6 5. O-O h6 6. c4 Be7 7. Nc3 O-O 8. b3 Bg4
9. Bb2 Rb8 10. h3 Bh5 11. g4 Bg6 12. Qd2 Nh7 13. Rad1 Ng5 14. Nd5 Nxf3+ 15. Bxf3
Bg5 16. e3 Ne7 17. Qc3 Nxd5 18. Bxd5 c6 19. f4 Bf6 20. Be4 exf4 21. Qc2 Bxb2 22.
Qxb2 Bxe4 23. dxe4 fxe3 24. c5 d5 25. exd5 cxd5 26. Rfe1 Re8 27. Qd4 e2 28. Rd2
Qc7 29. Rexe2 Qg3+ 30. Rg2 Re1# {White checkmated} 0-1

[Event "Team 45 45 League T34"]
[Site "Internet Chess Club"]
[Date "2007.07.20"]
[Round "1"]
[White "AlekLondon"]
[Black "Russellovich"]
[Result "0-1"]
[WhiteElo "1437"]
[BlackElo "1566"]
[Opening "King's Indian: 5.Nf3"]
[ECO "E90"]
[Time "15:19:25"]
[TimeControl "2700+45"]

1. d4 Nf6 2. c4 g6 3. Nc3 Bg7 4. e4 d6 5. Nf3 O-O 6. Bd3 Nbd7 7. O-O e5 8. Bc2
exd4 9. Nxd4 Ne5 10. Bb3 Bg4 11. f3 Bd7 12. Bg5 h6 13. Bh4 g5 14. Bg3 Nh5 15.
Be1 Nf4 16. Qc2 Qf6 17. Rd1 Rae8 18. Ndb5 Bxb5 19. Nxb5 Re7 20. Bb4 Qg6 21. Nxd6
cxd6 22. Bxd6 Rd7 23. Bxf8 Rxd1 24. Qxd1 Bxf8 25. Qd8 Kg7 26. Kh1 Qh5 27. Qc7
Ned3 28. g3 Qh3 29. gxf4 Qxf1# {White checkmated} 0-1

[Event "Team 45 45 League T34"]
[Site "Internet Chess Club"]
[Date "2007.07.20"]
[Round "1"]
[White "Creb"]
[Black "Chess2Play"]
[Result "1/2-1/2"]
[WhiteElo "1761"]
[BlackElo "1643"]
[Opening "Sicilian: Smith-Morra gambit"]
[ECO "B21"]
[Time "20:58:21"]
[TimeControl "2700+45"]

1. e4 c5 2. d4 cxd4 3. c3 dxc3 4. Nxc3 Nc6 5. Nf3 d6 6. Bc4 e6 7. O-O Nf6 8. Qe2
Be7 9. Rd1 e5 10. Be3 O-O 11. Rac1 Be6 12. Bb5 Rc8 13. Bxc6 Rxc6 14. Nxe5 Ra6
15. a3 Qa5 16. Nf3 Bb3 17. Rd2 Rc6 18. Nd4 Rb6 19. Nxb3 Rxb3 20. Qc4 Rb6 21.
Bxb6 Qxb6 22. Rdc2 Qc5 23. Nd5 Nxd5 24. Qxd5 Qxd5 25. exd5 Bg5 26. Re1 Bf6 27.
b3 a5 28. a4 Bd4 29. Re7 b6 30. Kf1 Bc5 31. Rce2 g6 32. Rc7 Bb4 33. Ree7 Bc5 34.
f4 Kg7 35. g4 Kf6 36. Ke2 Bb4 37. Kf3 Bc5 38. Ke4 Bb4 39. Kf3 Bc5 40. Re4 Rb8
41. Ree7 Rf8 {Game drawn by repetition} 1/2-1/2

[Event "Team 45 45 League T34"]
[Site "Internet Chess Club"]
[Date "2007.07.21"]
[Round "1"]
[White "Toalla"]
[Black "allanchs"]
[Result "0-1"]
[WhiteElo "1350"]
[BlackElo "1592"]
[Opening "Réti opening"]
[ECO "A11"]
[Time "10:01:15"]
[TimeControl "2700+45"]

1. Nf3 d5 2. c4 c6 3. g3 Nf6 4. Bg2 Bf5 5. O-O Nbd7 6. b3 e5 7. Bb2 Bd6 8. Re1
O-O 9. d4 exd4 10. Bxd4 Re8 11. c5 Nxc5 12. Nc3 Ncd7 13. Rc1 Ba3 14. Ra1 Bb2 15.
Ng5 Bxa1 16. e4 Bxc3 17. Bxc3 Nxe4 18. Bxe4 Bxe4 19. Nxe4 Rxe4 20. Rxe4 dxe4 21.
Qg4 Nf6 22. Qf5 Qd1+ 23. Kg2 Qf3+ 24. Qxf3 exf3+ 25. Kxf3 Nd5 {White resigns}
0-1

[Event "Team 45 45 League T34"]
[Site "Internet Chess Club"]
[Date "2007.07.18"]
[Round "1"]
[White "fredd"]
[Black "walleye"]
[Result "0-1"]
[WhiteElo "1510"]
[BlackElo "1512"]
[Opening "King's Indian defense"]
[ECO "E60"]
[Time "21:31:49"]
[TimeControl "2700+45"]

1. d4 Nf6 2. c4 g6 3. e4 Nxe4 4. Bd3 Nf6 5. Nf3 d6 6. O-O Bg7 7. Nc3 O-O 8. Ne4
Nxe4 9. Bxe4 Nd7 10. Be3 f5 11. Bc2 e5 12. Bg5 Bf6 13. Bh6 Bg7 14. Bxg7 Kxg7 15.
Re1 e4 16. Nd2 Qf6 17. Nb3 b6 18. Qd2 Ba6 19. Qc3 Bb7 20. Re3 Rae8 21. Rh3 f4
22. Re1 Qg5 23. d5+ Ne5 24. Bxe4 Kg8 25. Nd4 Bc8 26. Nf3 Nxf3+ 27. Rxf3 Bg4 28.
Rd3 f3 29. b4 fxg2 30. Rg3 Qf4 31. f3 h5 32. Rxg2 Bf5 33. Bxf5 Qxf5 34. Rxe8
Rxe8 35. Qc1 Kh7 36. a4 Qxf3 37. Rf2 Qg4+ 38. Rg2 Qe4 39. Kf1 Qd4 40. Rf2 Qd3+
41. Kg1 Qd4 42. Kf1 Qg7 43. c5 Rf8 44. cxd6 Rxf2+ 45. Kxf2 Qf6+ 46. Ke3 Qg5+ 47.
Ke4 Qxc1 48. d7 Qe1+ {White resigns} 0-1

[Event "Team 45 45 League T34"]
[Site "Internet Chess Club"]
[Date "2007.07.22"]
[Round "1"]
[White "sdcohle"]
[Black "houseofcook"]
[Result "0-1"]
[WhiteElo "1369"]
[BlackElo "1441"]
[Opening "French: advance, Nimzovich system"]
[ECO "C00"]
[Time "09:02:08"]
[TimeControl "2700+45"]

1. e4 e6 2. Nf3 d5 3. e5 c5 4. d4 Nc6 5. Nc3 Bd7 6. b3 Nge7 7. a3 Nf5 8. Bd3
cxd4 9. Ne2 Qa5+ 10. Bd2 Qc7 11. Bxf5 exf5 12. Bf4 Be6 13. Nexd4 Nxd4 14. Nxd4
Be7 15. O-O a6 16. Qd3 Qd7 17. Rfe1 O-O 18. b4 Rac8 19. Rac1 Rc4 20. Nxe6 fxe6
21. Red1 Rxf4 22. Re1 Rc4 23. Re3 Bg5 24. Rce1 Bxe3 25. Rxe3 Rfc8 26. Re1 Rxc2
27. Rf1 R8c3 28. Qd4 Rc1 29. g3 Rxf1+ 30. Kxf1 Rxa3 31. Qa7 Qb5+ 32. Kg2 Kf7 33.
Qb8 Qc6 34. Qd6 Rc3 35. Qd8 d4+ 36. Kh3 d3 37. Qg5 Qd7 38. Qh5+ Kg8 39. f3 d2
40. g4 d1=Q 41. gxf5 Qxf3+ 42. Qxf3 Rxf3+ 43. Kg4 Rxf5 44. h4 Qd4+ 45. Kh3 Rf3+
46. Kg2 Qg4+ 47. Kh1 Rh3# {White checkmated} 0-1

[Event "Team 45 45 League T34"]
[Site "Internet Chess Club"]
[Date "2007.07.23"]
[Round "1"]
[White "chsrules88"]
[Black "searchforbobby1"]
[Result "0-1"]
[WhiteElo "2087"]
[BlackElo "2108"]
[Opening "Ruy Lopez: Marshall, main line, 14...Qh3"]
[ECO "C89"]
[Time "22:39:08"]
[TimeControl "2700+45"]

1. e4 e5 2. Nf3 Nc6 3. Bb5 a6 4. Ba4 Nf6 5. O-O Be7 6. Re1 b5 7. Bb3 O-O 8. c3
d5 9. exd5 Nxd5 10. Nxe5 Nxe5 11. Rxe5 c6 12. d4 Bd6 13. Re1 Qh4 14. g3 Qh3 15.
Be3 Bg4 16. Qd3 Rae8 17. Nd2 Re6 18. Qf1 Qh5 19. Bxd5 cxd5 20. f4 Rfe8 21. Bf2
Re2 22. h4 Qf5 23. Qg2 Qd3 24. Qxd5 Qxd2 25. Rxe2 Rxe2 26. Qxd6 h6 27. Rf1 Bh3
28. Qd8+ Kh7 29. Qd5 Qc2 30. Qf3 Bxf1 31. Kxf1 Qd1+ 32. Kg2 f5 33. a3 Qc2 34. b4
Rd2 35. h5 Qe4 36. Qxe4 fxe4 37. Kf1 Rc2 38. Be1 Kg8 39. d5 Kf7 40. g4 Ke7
{White resigns} 0-1

[Event "Team 45 45 League T34"]
[Site "Internet Chess Club"]
[Date "2007.07.21"]
[Round "1"]
[White "Burning-Bush"]
[Black "aksuw"]
[Result "0-1"]
[WhiteElo "2081"]
[BlackElo "2034"]
[Opening "Queen's Pawn"]
[ECO "A41"]
[Time "14:24:10"]
[TimeControl "2700+45"]

1. d4 d6 2. g3 g6 3. Bg2 Bg7 4. e4 Nf6 5. h3 O-O 6. Ne2 e5 7. d5 Nh5 8. Nec3 Qe8
9. O-O f5 10. exf5 gxf5 11. Bf3 Nf6 12. Na3 Qg6 13. Kh2 a6 14. Nc4 Nbd7 15. Be3
h5 16. a4 h4 17. Rg1 hxg3+ 18. Rxg3 Qh7 19. Bg5 Nc5 20. h4 Ng4+ 21. Kg2 e4 22.
Bxg4 fxg4 23. Qd2 Rf3 24. Ne2 Bd7 25. Nd4 Raf8 26. Be3 Qxh4 27. Rh1 Qf6 28. a5
Rxg3+ 29. fxg3 Qf7 30. Bh6 Bxd4 31. Bxf8 Qf3+ 32. Kh2 e3 33. Qe1 Qxf8 34. Qe2
Qf3 35. Qxf3 gxf3 36. c3 Bb5 37. cxd4 Bxc4 38. dxc5 e2 39. Rc1 f2 {White
resigns} 0-1

[Event "Team 45 45 League T34"]
[Site "Internet Chess Club"]
[Date "2007.07.23"]
[Round "1"]
[White "Bombo"]
[Black "PaulKaspar"]
[Result "0-1"]
[WhiteElo "1802"]
[BlackElo "1872"]
[Opening "English opening"]
[ECO "A30"]
[Time "21:05:34"]
[TimeControl "2700+45"]

1. Nf3 Nf6 2. c4 c5 3. b3 Nc6 4. Bb2 e6 5. d3 d5 6. Nbd2 Be7 7. g3 O-O 8. Bg2
Bd7 9. O-O Qc7 10. e3 Rfe8 11. Rc1 Nb4 12. Qe2 Nxa2 13. Ra1 Nb4 14. Ne5 Nc6 15.
Nxd7 Qxd7 16. Nf3 a6 17. Rfd1 Qc7 18. d4 cxd4 19. Nxd4 Nxd4 20. exd4 dxc4 21.
bxc4 Rad8 22. Qf3 Qxc4 23. Rdc1 Qb5 24. Qxb7 Qxb7 25. Bxb7 Rb8 26. Bc6 Rec8 27.
Ra2 Rxb2 28. Rxb2 Ba3 29. Rbc2 Bxc1 30. Rxc1 Nd5 31. Rc5 Nb4 32. Ba4 Rxc5 33.
dxc5 Kf8 34. Kf1 Ke7 35. Ke2 Kd8 36. Kd2 Kc7 37. Kc3 Nc6 38. f4 f6 39. Kc4 h6
40. Bd1 g5 41. fxg5 fxg5 42. h3 Ne7 43. h4 Nf5 44. Kd3 Nxg3 45. hxg5 hxg5 46.
Kd4 Nf5+ 47. Ke5 Kc6 48. Kxe6 Ne3 49. Be2 a5 50. Ke5 Kxc5 51. Ke4 Nd5 52. Bd3 a4
53. Bc2 a3 54. Bb3 Nf6+ 55. Kf5 g4 56. Kf4 Kd4 {White resigns} 0-1

[Event "Team 45 45 League T34"]
[Site "Internet Chess Club"]
[Date "2007.07.18"]
[Round "1"]
[White "Ozgur-Bjk"]
[Black "goldenspine"]
[Result "1-0"]
[WhiteElo "2175"]
[BlackElo "1994"]
[Opening "King's Indian defense, 3.Nc3"]
[ECO "E61"]
[Time "12:03:01"]
[TimeControl "2700+45"]

1. d4 Nf6 2. c4 g6 3. Nc3 Bg7 4. Nf3 O-O 5. Bg5 h6 6. Bh4 d6 7. e3 Nbd7 8. Be2
c6 9. O-O e5 10. Qc2 Qe8 11. dxe5 dxe5 12. Rfd1 Nc5 13. Bxf6 Bxf6 14. b4 Nd7 15.
a3 a5 16. Ne4 Bg7 17. c5 Qe7 18. Bc4 Kh7 19. Nd6 e4 20. Nd4 axb4 21. axb4 Rxa1
22. Rxa1 f5 23. Ra8 Nb6 24. Ra7 Nxc4 25. Qxc4 Be5 26. Nxc6 Qf6 27. Nxc8 Rxc8 28.
Nxe5 Qxe5 29. Rxb7+ Kh8 30. Qd4 Qxd4 31. exd4 Rd8 32. c6 Rxd4 33. h3 Rd1+ 34.
Kh2 Rc1 35. c7 {Black resigns} 1-0

[Event "Team 45 45 League T34"]
[Site "Internet Chess Club"]
[Date "2007.07.23"]
[Round "1"]
[White "EdTheKing"]
[Black "Extremophile"]
[Result "0-1"]
[WhiteElo "2054"]
[BlackElo "2224"]
[Opening "Sicilian: Scheveningen (Paulsen), classical variation"]
[ECO "B84"]
[Time "15:06:36"]
[TimeControl "2700+45"]

1. e4 c5 2. Nf3 d6 3. d4 cxd4 4. Nxd4 Nf6 5. Nc3 a6 6. Be2 e6 7. a4 Be7 8. Be3
Qc7 9. O-O Nc6 10. f4 O-O 11. Kh1 Re8 12. g4 Nxd4 13. Bxd4 e5 14. Be3 exf4 15.
Bxf4 Be6 16. g5 Nd7 17. Nd5 Bxd5 18. Qxd5 Bf8 19. Bxd6 Bxd6 20. Rxf7 Nb6 21.
Rf8+ Kxf8 22. Rf1+ Bf4 23. Qf5+ Kg8 24. Rxf4 Rf8 25. Qe6+ Kh8 26. Rh4 Qc6 27.
Qh3 Qg6 28. Bd3 Rad8 29. e5 Rxd3 30. cxd3 Qc6+ 31. Kg1 Qc1+ 32. Kg2 Qf1+ 33. Kg3
Qf3# {White checkmated} 0-1